 Dungeon Crawl Stone Soup version 0.23-a0-586-gacb4b3f (webtiles) character file.

485 theanonym the Cutter (level 6, -8/41 HPs)
             Began as a Mummy Enchanter on Dec 19, 2018.
             Was a Follower of Cheibriados.
             Mangled by Duvessa
             ... wielding a +0 rapier
              (14 damage)
             ... on level 4 of the Dungeon.
             The game lasted 00:09:25 (4765 turns).

theanonym the Cutter (Mummy Enchanter)              Turns: 4765, Time: 00:09:25

Health: -8/41      AC: 15    Str: 15    XL:     6   Next: 88%
Magic:  2/10       EV:  4    Int: 16    God:    Cheibriados [*.....]
Gold:   163        SH:  0    Dex: 15    Spells: 9/10 levels left

rFire    x . .     SeeInvis .   b - +2 dagger (drain)
rCold    + . .     Gourm    .   (no shield)
rNeg     + + +     Faith    .   a - +0 plate armour
rPois    ∞         Spirit   .   (no helmet)
rElec    .         Reflect  .   (no cloak)
rCorr    .         Harm     .   k - +1 pair of gloves
MR       .....                  (no boots)
Stlth    ..........             (no amulet)
HPRegen  0.13/turn              d - +3 ring of protection
MPRegen  0.12/turn              p - ring of stealth

@: about to teleport, very slow
A: no food or potions, fire vulnerability, cold resistance 1, negative energy
resistance 3, torment resistance, unbreathing
a: Bend Time, Renounce Religion


Innate Abilities, Weirdness & Mutations

You do not eat or drink.
Your flesh is vulnerable to fire.
You are immune to poison.
Your flesh is cold resistant. (rC+)
You are immune to negative energy. (rN+++)
You are immune to unholy pain and torment.
You can survive without breathing.


   Skills:
 + Level 6.0 Short Blades
 - Level 1.5 Dodging
 - Level 2.4 Stealth
 - Level 2.6 Spellcasting
 - Level 2.6 Hexes


You had 9 spell levels left.
You knew the following spells:

 Your Spells              Type           Power        Failure   Level  Hunger
a - Corona                Hex            ##.....      100%        1    N/A

Your spell library contained the following spells:

 Spells                   Type           Power        Failure   Level  Hunger
 Ensorcelled Hibernation  Hex/Ice        #.....       100%        2    N/A
 Confuse                  Hex            ##......     100%        3    N/A
 Dazzling Spray           Conj/Hex       #.....       100%        3    N/A
 Tukima's Dance           Hex            ##......     100%        3    N/A

Skill      XL: |  1  2  3  4  5  6 |
---------------+-------------------+-----
Short Blades   | 1 2 3 4 5 6 |  6.0
Dodging        | |  1.5
Stealth        | |  2.4
Spellcasting   | |  2.6
Hexes          | |  2.6

Action                   |  1- 3 |  4- 6 || total
-------------------------+-------+-------++-------
Melee: Dagger            |    28 |    31 ||    59
       Short sword       |    99 |   278 ||   377
Invok: Bend Time         |       |     4 ||     4
  Use: Scroll            |     2 |     8 ||    10
 Stab: Sleeping          |     4 |     2 ||     6
       Distracted        |     1 |       ||     1
Armor: Robe              |     8 |       ||     8
       Ring mail         |    40 |    94 ||   134
       Plate armour      |       |    76 ||    76
Dodge: Dodged            |    63 |   124 ||   187

Inventory:

Hand Weapons
 b - a +2 dagger of draining (weapon)
   (You took it off an orc wizard on level 4 of the Dungeon)
 j - a +0 short sword
   (You took it off a kobold on level 1 of the Dungeon)
Missiles
 g - 35 arrows
 i - 18 bolts
Armour
 a - a +0 plate armour (worn)
   (You took it off an orc on level 4 of the Dungeon)
 k - a +1 pair of gloves (worn)
   (You found it on level 2 of the Dungeon)
Jewellery
 d - a +3 ring of protection (left hand)
   (You found it on level 1 of the Dungeon)
 p - a ring of stealth (right hand)
   (You found it on level 3 of the Dungeon)
Scrolls
 f - a scroll of fog
 h - 3 scrolls of amnesia
 n - 3 scrolls of remove curse


You were on level 4 of the Dungeon.
You worshipped Cheibriados.
Cheibriados was aware of your devotion.
You were not hungry.

You visited 1 branch of the dungeon, and saw 4 of its levels.

You collected 163 gold pieces.

Dungeon Overview and Level Annotations

Branches:
Dungeon (4/15)
 Temple: D:4-7

Altars:
Cheibriados
Dithmenos
Kikubaaqudgha
Qazlal
Sif Muna
Wu Jian

Annotations:
D:3 1 runed door, kae's ghost, novice MiAK
D:4 Duvessa

#####.### #####.#
#### #.....# #.....#
...###########.....#
#.#####
##....(.(((((#.....#
#.#<..#
#..[#######.###.###
#.##.%# #..P).....#.#
#.# #.e.e.#
#..P.P.PP.#.# #.#
####### #..#..(...#.#
#.#
#.........#.###@####
....#...........e...#
....P......#.....)..#
....###''#.#........#
....................#
..e..[....#####.####
.e...####..# #.# .#..
#.... ... #.
#...###.##


You could see Duvessa (berserk).

Notes
Turn   | Place    | Note
-------+----------+-------------------------------------------
     0 | D:1      | theanonym the Mummy Enchanter began the quest for the Orb.
     0 | D:1      | Reached XP level 1. HP: 13/13 MP: 4/4
   143 | D:1      | Reached skill level 1 in Short Blades
   748 | D:1      | HP: 6/13 [kobold/+0 short sword (2)]
   754 | D:1      | Reached XP level 2. HP: 10/19 MP: 5/5
  1139 | D:2      | Reached skill level 2 in Short Blades
  1226 | D:2      | Found a stormy altar of Qazlal.
  1239 | D:2      | Found a deep blue altar of Sif Muna.
  1239 | D:2      | Found a shadowy altar of Dithmenos.
  1239 | D:2      | Found an ornate altar of the Wu Jian Council.
  1240 | D:2      | Found a snail-covered altar of Cheibriados.
  1241 | D:2      | Found an ancient bone altar of Kikubaaqudgha.
  1309 | D:2      | Became a worshipper of Cheibriados the Contemplative
  1367 | D:2      | Reached XP level 3. HP: 20/24 MP: 7/7
  1421 | D:2      | HP: 8/24 [worm (8)]
  1423 | D:2      | HP: 1/24 [kobold/+0 club (4)]
  2128 | D:2      | Reached skill level 3 in Short Blades
  2412 | D:3      | Reached XP level 4. HP: 18/30 MP: 8/8
  2939 | D:3      | Found a runed door.
  2946 | D:3      | Noticed kae's ghost (novice MiAK)
  3077 | D:3      | Noticed Jessica
  3100 | D:3      | Killed Jessica
  3105 | D:3      | Found a deep blue altar of Sif Muna.
  3281 | D:4      | HP: 12/30 [worker ant (5)]
  3282 | D:4      | Reached skill level 4 in Short Blades
  3282 | D:4      | Reached XP level 5. HP: 15/35 MP: 9/9
  3506 | D:4      | Noticed Dowan
  3507 | D:4      | Noticed Duvessa
  3555 | D:3      | Reached * piety under Cheibriados
  3582 | D:4      | Noticed Ijyb
  3585 | D:4      | Paralysed by Ijyb for 5 turns
  3593 | D:3      | Paralysed by Ijyb for 7 turns
  3605 | D:3      | Paralysed by Ijyb for 3 turns
  3629 | D:3      | Killed Ijyb
  4091 | D:4      | Reached skill level 5 in Short Blades
  4091 | D:4      | Reached XP level 6. HP: 22/41 MP: 10/10
  4291 | D:4      | HP: 20/41 [orc wizard/magic dart (5)]
  4307 | D:4      | HP: 16/41 [orc wizard/+0 dagger (1)]
  4312 | D:4      | HP: 13/41 [orc wizard/+0 dagger (4)]
  4759 | D:4      | Killed Dowan
  4759 | D:4      | Reached skill level 6 in Short Blades
  4764 | D:4      | HP: 6/41 [Duvessa/+0 rapier (15)]
  4765 | D:4      | Mangled by Duvessa

Vanquished Creatures
  A bullfrog (D:4)
  Dowan (D:4)
  A crimson imp (D:4)
  4 orc wizards (D:4)
  Ijyb (D:3)
  Jessica (D:3)
  2 worker ants (D:4)
  6 adders
  2 oozes (D:2)
  2 worms
  A dart slug (D:4)
  A leopard gecko (D:4)
  10 orcs
  4 bats
  2 giant cockroaches
  5 goblins
  A hobgoblin (D:1)
  5 kobolds
  A ball python (D:2)
  A ball python skeleton (D:4)
  3 frilled lizards
  A leopard gecko skeleton (D:4)
  A quokka skeleton (D:4)
  4 rats
61 creatures vanquished.

Vanquished Creatures (others)
  A plant (D:4)
1 creature vanquished.

Grand Total: 62 creatures vanquished

Table legend:
 A = Turns spent in this place as a percentage of turns spent in the entire game.
 B = Non-inter-level travel turns spent in this place as a percentage of non-inter-level travel turns spent in the entire game.
 C = Inter-level travel turns spent in this place as a percentage of turns spent in this place.
 D = Turns resting spent in this place as a percentage of non-inter-level travel turns spent in this place.
 E = Turns spent auto-exploring this place as a percentage of non-inter-level travel turns spent in this place.
 F = Non-inter-level travel turns spent in this place divided by the number of levels of this place that you've seen.
                   A       B       C       D       E      F
               +-------+-------+-------+-------+-------+----------------------
         Total | 100.0 | 100.0 |   3.9 |  39.5 |  41.3 | 1145.2
       Dungeon | 100.0 | 100.0 |   3.9 |  39.5 |  41.3 | 1145.2
               +-------+-------+-------+-------+-------+----------------------
